[ AOE2 MATCH · #469909114 ]
UnrankedPersians vs Bohemians
Player's team · LOSS
[ REPLAY ANALYSIS · EXTRACTED FROM THE RECORDED GAME ]
Feudal
10:35
Castle
15:05
Imperial
29:43
| APM avg | 31.1 |
| APM peak | 65 |
| eAPM avg | 16.3 |
| Villagers / military | 148 / 19 |
Focus
⚔️ 21.1% · 🌾 78.9%
Bombard Cannon ×19
Feudal
11:18
Castle
21:39
Imperial
—
| APM avg | 42.9 |
| APM peak | 115 |
| eAPM avg | 32.1 |
| Villagers / military | 749 / 1 |
Focus
⚔️ 11.5% · 🌾 88.5%
Monk ×1
Feudal
12:04
Castle
15:36
Imperial
29:28
| APM avg | 64.5 |
| APM peak | 160 |
| eAPM avg | 27.9 |
| Villagers / military | 106 / 152 |
Focus
⚔️ 57.2% · 🌾 42.8%
Longbowman ×138 · Trebuchet (Packed) ×10 · Petard ×2 · Mangonel ×2
Feudal
11:46
Castle
16:27
Imperial
35:33
| APM avg | 43.1 |
| APM peak | 90 |
| eAPM avg | 23.2 |
| Villagers / military | 153 / 9 |
Focus
⚔️ 16.0% · 🌾 84.0%
Mangonel ×9
Feudal
10:47
Castle
19:59
Imperial
35:19
| APM avg | 34.0 |
| APM peak | 69 |
| eAPM avg | 23.4 |
| Villagers / military | 104 / 148 |
Focus
⚔️ 34.8% · 🌾 65.2%
Knight ×119 · Camel Scout ×18 · Battering Ram ×6 · Kipchak ×3 · Scout Cavalry ×1 · Trebuchet (Packed) ×1
Feudal
9:43
Castle
23:55
Imperial
—
| APM avg | 49.9 |
| APM peak | 104 |
| eAPM avg | 20.3 |
| Villagers / military | 94 / 52 |
Focus
⚔️ 26.6% · 🌾 73.4%
Camel Scout ×23 · Kipchak ×11 · Battering Ram ×8 · Steppe Lancer ×8 · Monk ×2
Feudal
10:32
Castle
14:04
Imperial
28:36
| APM avg | 32.1 |
| APM peak | 71 |
| eAPM avg | 18.4 |
| Villagers / military | 126 / 144 |
Focus
⚔️ 30.5% · 🌾 69.5%
Mangudai ×87 · Scout Cavalry ×55 · Trebuchet (Packed) ×2
Feudal
10:50
Castle
22:35
Imperial
—
| APM avg | 50.4 |
| APM peak | 115 |
| eAPM avg | 28.9 |
| Villagers / military | 171 / 66 |
Focus
⚔️ 27.8% · 🌾 72.2%
Spearman ×49 · Militia ×17
Match map
Initial resources + every placement click. Lines = walls · curves = elevation contours. ◆ gold · ⬟ stone · ● berries · ✦ relic · ◌ wall gap
Your base· Open — unwalled flank
NOOOO WEI's base· ✓ Closed at 21:39 · 54t walls · 1 gate(s)
LMC | Bartolomee123's base· Open — unwalled flank
BobLaMenace's base· Open — unwalled flank
The Get Sum's base· Open — unwalled flank
MapucheMaldonado's base· ✓ Closed at 23:55 · 30t walls · 1 gate(s) · fragile
海岛奇兵常凯申's base· Open — unwalled flank
Kolor Peru's base· ✓ Closed at 22:35 · 0t walls · fragile
Smoothed initial terrain · ◌ = detected wall gap · hover for details
Inputs per minute
— RamiChurra - - NOOOO WEI
Build order — RamiChurra
First 150 of 356 actions detected
| 0:01 | Queue | Villager (Male) |
| 0:01 | Queue | Villager (Male) |
| 0:01 | Queue | Villager (Male) |
| 0:01 | Queue | Villager (Male) |
| 0:02 | Queue | Villager (Male) |
| 0:03 | Build | House |
| 0:05 | Build | House |
| 1:43 | Queue | Villager (Male) |
| 1:43 | Queue | Villager (Male) |
| 2:05 | Build | Lumber Camp |
| 2:13 | Queue | Villager (Male) |
| 2:14 | Queue | Villager (Male) |
| 2:52 | Queue | Villager (Male) |
| 3:14 | Queue | Villager (Male) |
| 3:25 | Queue | Villager (Male) |
| 4:02 | Build | House |
| 4:07 | Queue | Villager (Male) |
| 4:07 | Queue | Villager (Male) |
| 4:29 | Queue | Villager (Male) |
| 4:29 | Queue | Villager (Male) |
| 4:52 | Queue | Villager (Male) |
| 4:52 | Queue | Villager (Male) |
| 4:52 | Queue | Villager (Male) |
| 5:00 | Build | Mill |
| 5:35 | Build | House |
| 5:38 | Queue | Villager (Male) |
| 6:09 | Queue | Villager (Male) |
| 6:17 | Queue | Villager (Male) |
| 6:43 | Build | Farm |
| 6:45 | Build | Farm |
| 6:51 | Queue | Villager (Male) |
| 7:20 | Queue | Villager (Male) |
| 7:39 | Queue | Villager (Male) |
| 7:40 | Queue | Villager (Male) |
| 8:27 | Research | Feudal Age |
| 8:38 | Build | Mining Camp |
| 9:18 | Build | Mill |
| 9:36 | Queue | Villager (Male) |
| 9:36 | Queue | Villager (Male) |
| 9:45 | Build | House |
| 10:35 | Age | Feudal Age |
| 10:39 | Build | Market |
| 10:41 | Build | Blacksmith |
| 11:22 | Queue | Villager (Male) |
| 11:33 | Build | House |
| 11:45 | Queue | Villager (Male) |
| 12:40 | Research | Castle Age |
| 12:40 | Research | Castle Age |
| 12:49 | Build | Farm |
| 13:28 | Build | Mill |
| 13:36 | Research | Double-Bit Axe |
| 13:47 | Research | Horse Collar |
| 13:56 | Build | Farm |
| 14:21 | Queue | Villager (Male) |
| 14:21 | Queue | Villager (Male) |
| 14:48 | Build | Palisade Wall |
| 14:54 | Build | Palisade Wall |
| 14:56 | Build | Palisade Wall |
| 15:05 | Age | Castle Age |
| 15:32 | Build | Town Center |
| 15:40 | Queue | Villager (Male) |
| 15:52 | Queue | Villager (Male) |
| 16:18 | Build | Town Center |
| 16:23 | Research | Bow Saw |
| 16:25 | Queue | Villager (Male) |
| 16:42 | Build | House |
| 16:51 | Queue | Villager (Male) |
| 17:01 | Queue | Villager (Male) |
| 17:05 | Research | Loom |
| 17:05 | Research | Wheelbarrow |
| 17:08 | Queue | Villager (Male) |
| 17:23 | Build | Palisade Wall |
| 17:26 | Build | Palisade Wall |
| 17:28 | Build | Palisade Wall |
| 17:30 | Build | Palisade Wall |
| 17:45 | Queue | Villager (Male) |
| 17:46 | Queue | Villager (Male) |
| 17:46 | Queue | Villager (Male) |
| 17:53 | Build | Farm |
| 18:00 | Build | Farm |
| 18:01 | Build | Farm |
| 18:01 | Build | Farm |
| 18:03 | Build | Farm |
| 18:04 | Queue | Villager (Male) |
| 18:04 | Queue | Villager (Male) |
| 18:09 | Build | Farm |
| 18:21 | Queue | Villager (Male) |
| 18:24 | Build | Farm |
| 18:39 | Build | Farm |
| 18:42 | Build | Farm |
| 18:46 | Build | Farm |
| 18:49 | Queue | Villager (Male) |
| 18:49 | Queue | Villager (Male) |
| 18:49 | Queue | Villager (Male) |
| 18:50 | Queue | Villager (Male) |
| 19:02 | Build | Farm |
| 19:10 | Build | House |
| 19:10 | Queue | Villager (Male) |
| 19:10 | Queue | Villager (Male) |
| 19:20 | Queue | Villager (Male) |
| 19:21 | Queue | Villager (Male) |
| 19:24 | Build | Farm |
| 19:29 | Queue | Villager (Male) |
| 19:29 | Queue | Villager (Male) |
| 19:29 | Queue | Villager (Male) |
| 19:30 | Queue | Villager (Male) |
| 19:34 | Build | Farm |
| 19:45 | Build | Farm |
| 19:45 | Queue | Villager (Male) |
| 19:45 | Queue | Villager (Male) |
| 19:57 | Build | Lumber Camp |
| 20:04 | Queue | Villager (Male) |
| 20:04 | Queue | Villager (Male) |
| 20:04 | Queue | Villager (Male) |
| 20:11 | Build | Farm |
| 20:16 | Queue | Villager (Male) |
| 20:16 | Queue | Villager (Male) |
| 20:30 | Build | Farm |
| 20:31 | Queue | Villager (Male) |
| 20:37 | Build | Farm |
| 20:38 | Queue | Villager (Male) |
| 20:42 | Build | Farm |
| 20:44 | Queue | Villager (Male) |
| 20:49 | Build | Farm |
| 20:55 | Build | House |
| 20:59 | Build | House |
| 21:00 | Build | House |
| 21:01 | Build | House |
| 21:05 | Queue | Villager (Male) |
| 21:05 | Queue | Villager (Male) |
| 21:05 | Queue | Villager (Male) |
| 21:11 | Build | Farm |
| 21:17 | Build | Farm |
| 21:29 | Build | Mining Camp |
| 21:32 | Queue | Villager (Male) |
| 21:37 | Build | Farm |
| 21:53 | Queue | Villager (Male) |
| 21:54 | Queue | Villager (Male) |
| 22:03 | Queue | Villager (Male) |
| 22:04 | Queue | Villager (Male) |
| 22:04 | Queue | Villager (Male) |
| 22:14 | Build | Monastery |
| 22:21 | Research | Gold Mining |
| 22:22 | Research | Stone Mining |
| 22:26 | Research | Heavy Plow |
| 22:27 | Queue | Villager (Male) |
| 22:28 | Queue | Villager (Male) |
| 22:28 | Queue | Villager (Male) |
| 22:40 | Queue | Villager (Male) |
| 22:41 | Queue | Villager (Male) |
Build order — NOOOO WEI
First 150 of 893 actions detected
| 0:01 | Queue | Villager (Male) |
| 0:01 | Queue | Villager (Male) |
| 0:01 | Queue | Villager (Male) |
| 0:01 | Queue | Villager (Male) |
| 0:01 | Queue | Villager (Male) |
| 0:02 | Build | House |
| 0:03 | Build | House |
| 0:43 | Research | Loom |
| 0:43 | Research | Loom |
| 0:47 | Queue | Villager (Male) |
| 0:47 | Queue | Villager (Male) |
| 0:47 | Queue | Villager (Male) |
| 0:47 | Queue | Villager (Male) |
| 0:47 | Queue | Villager (Male) |
| 0:47 | Queue | Villager (Male) |
| 1:23 | Build | Palisade Wall |
| 1:47 | Queue | Villager (Male) |
| 1:47 | Queue | Villager (Male) |
| 1:47 | Queue | Villager (Male) |
| 1:47 | Queue | Villager (Male) |
| 1:47 | Queue | Villager (Male) |
| 1:47 | Queue | Villager (Male) |
| 1:47 | Queue | Villager (Male) |
| 1:48 | Queue | Villager (Male) |
| 1:48 | Queue | Villager (Male) |
| 1:48 | Queue | Villager (Male) |
| 1:48 | Queue | Villager (Male) |
| 1:48 | Queue | Villager (Male) |
| 1:48 | Queue | Villager (Male) |
| 2:30 | Queue | Villager (Male) |
| 2:30 | Queue | Villager (Male) |
| 2:30 | Queue | Villager (Male) |
| 2:30 | Queue | Villager (Male) |
| 2:30 | Queue | Villager (Male) |
| 2:30 | Queue | Villager (Male) |
| 2:30 | Queue | Villager (Male) |
| 2:47 | Queue | Villager (Male) |
| 2:47 | Queue | Villager (Male) |
| 2:47 | Queue | Villager (Male) |
| 2:47 | Queue | Villager (Male) |
| 2:47 | Queue | Villager (Male) |
| 2:47 | Queue | Villager (Male) |
| 3:01 | Build | Lumber Camp |
| 3:28 | Queue | Villager (Male) |
| 3:28 | Queue | Villager (Male) |
| 3:28 | Queue | Villager (Male) |
| 3:28 | Queue | Villager (Male) |
| 3:28 | Queue | Villager (Male) |
| 3:28 | Queue | Villager (Male) |
| 3:28 | Queue | Villager (Male) |
| 3:42 | Queue | Villager (Male) |
| 3:42 | Queue | Villager (Male) |
| 4:12 | Build | Palisade Wall |
| 4:20 | Queue | Villager (Male) |
| 4:20 | Queue | Villager (Male) |
| 4:20 | Queue | Villager (Male) |
| 4:20 | Queue | Villager (Male) |
| 4:20 | Queue | Villager (Male) |
| 4:20 | Queue | Villager (Male) |
| 4:26 | Build | House |
| 4:42 | Queue | Villager (Male) |
| 4:42 | Queue | Villager (Male) |
| 4:42 | Queue | Villager (Male) |
| 4:42 | Queue | Villager (Male) |
| 4:42 | Queue | Villager (Male) |
| 4:42 | Queue | Villager (Male) |
| 4:42 | Queue | Villager (Male) |
| 5:12 | Queue | Villager (Male) |
| 5:12 | Queue | Villager (Male) |
| 5:12 | Queue | Villager (Male) |
| 5:12 | Queue | Villager (Male) |
| 5:12 | Queue | Villager (Male) |
| 5:12 | Queue | Villager (Male) |
| 5:12 | Queue | Villager (Male) |
| 5:12 | Queue | Villager (Male) |
| 5:27 | Build | House |
| 5:37 | Queue | Villager (Male) |
| 5:37 | Queue | Villager (Male) |
| 5:37 | Queue | Villager (Male) |
| 5:37 | Queue | Villager (Male) |
| 5:37 | Queue | Villager (Male) |
| 5:37 | Queue | Villager (Male) |
| 5:37 | Queue | Villager (Male) |
| 5:38 | Queue | Villager (Male) |
| 5:38 | Queue | Villager (Male) |
| 5:38 | Queue | Villager (Male) |
| 5:38 | Queue | Villager (Male) |
| 5:38 | Queue | Villager (Male) |
| 5:38 | Queue | Villager (Male) |
| 5:38 | Queue | Villager (Male) |
| 5:38 | Queue | Villager (Male) |
| 5:38 | Queue | Villager (Male) |
| 5:38 | Queue | Villager (Male) |
| 5:38 | Queue | Villager (Male) |
| 5:38 | Queue | Villager (Male) |
| 5:38 | Queue | Villager (Male) |
| 6:09 | Build | Mill |
| 6:38 | Queue | Villager (Male) |
| 6:38 | Queue | Villager (Male) |
| 6:38 | Queue | Villager (Male) |
| 6:38 | Queue | Villager (Male) |
| 6:38 | Queue | Villager (Male) |
| 6:38 | Queue | Villager (Male) |
| 6:38 | Queue | Villager (Male) |
| 6:38 | Queue | Villager (Male) |
| 6:38 | Queue | Villager (Male) |
| 6:38 | Queue | Villager (Male) |
| 6:38 | Queue | Villager (Male) |
| 6:38 | Queue | Villager (Male) |
| 7:46 | Queue | Villager (Male) |
| 7:58 | Build | Mill |
| 8:04 | Queue | Villager (Male) |
| 8:04 | Queue | Villager (Male) |
| 8:04 | Queue | Villager (Male) |
| 8:04 | Queue | Villager (Male) |
| 8:04 | Queue | Villager (Male) |
| 8:04 | Queue | Villager (Male) |
| 8:04 | Queue | Villager (Male) |
| 8:27 | Build | Mining Camp |
| 9:04 | Research | Feudal Age |
| 9:04 | Research | Feudal Age |
| 9:04 | Research | Feudal Age |
| 9:04 | Research | Feudal Age |
| 9:04 | Research | Feudal Age |
| 9:04 | Research | Feudal Age |
| 9:04 | Research | Feudal Age |
| 9:04 | Research | Feudal Age |
| 9:04 | Research | Feudal Age |
| 9:04 | Research | Feudal Age |
| 9:25 | Build | House |
| 9:39 | Queue | Villager (Male) |
| 9:39 | Queue | Villager (Male) |
| 9:39 | Queue | Villager (Male) |
| 9:39 | Queue | Villager (Male) |
| 9:39 | Queue | Villager (Male) |
| 9:39 | Queue | Villager (Male) |
| 9:39 | Queue | Villager (Male) |
| 11:18 | Age | Feudal Age |
| 11:22 | Research | Double-Bit Axe |
| 11:28 | Build | Blacksmith |
| 11:30 | Build | Market |
| 11:41 | Queue | Villager (Male) |
| 12:05 | Build | Stone Wall |
| 12:06 | Build | Stone Wall |
| 12:11 | Queue | Villager (Male) |
| 12:34 | Build | Stone Wall |
| 12:48 | Queue | Villager (Male) |
| 12:55 | Research | Castle Age |
| 12:55 | Research | Castle Age |
| 13:26 | Build | Stone Wall |
Build order — LMC | Bartolomee123
First 150 of 344 actions detected
| 0:03 | Queue | Villager (Male) |
| 0:03 | Queue | Villager (Male) |
| 0:04 | Build | House |
| 0:05 | Build | House |
| 0:06 | Queue | Villager (Male) ×2 |
| 0:07 | Queue | Villager (Male) ×2 |
| 0:53 | Research | Loom |
| 1:22 | Queue | Villager (Male) |
| 1:22 | Queue | Villager (Male) |
| 1:53 | Build | Palisade Wall |
| 2:23 | Build | Palisade Wall |
| 2:39 | Build | Palisade Gate |
| 2:44 | Queue | Villager (Male) |
| 2:44 | Queue | Villager (Male) |
| 3:06 | Build | Palisade Wall |
| 3:14 | Queue | Villager (Male) |
| 3:14 | Queue | Villager (Male) |
| 3:33 | Queue | Villager (Male) |
| 3:33 | Queue | Villager (Male) |
| 3:41 | Build | Palisade Wall |
| 3:47 | Build | Lumber Camp |
| 3:51 | Queue | Villager (Male) |
| 3:51 | Queue | Villager (Male) |
| 4:29 | Queue | Villager (Male) |
| 4:49 | Build | House |
| 5:18 | Queue | Villager (Male) ×2 |
| 5:18 | Queue | Villager (Male) |
| 5:42 | Queue | Villager (Male) |
| 5:45 | Queue | Villager (Male) |
| 5:46 | Queue | Villager (Male) |
| 5:49 | Build | House |
| 5:53 | Build | House |
| 6:26 | Queue | Villager (Male) |
| 6:26 | Queue | Villager (Male) |
| 6:41 | Build | Mill |
| 7:26 | Queue | Villager (Male) |
| 7:26 | Queue | Villager (Male) |
| 7:47 | Queue | Villager (Male) |
| 7:48 | Queue | Villager (Male) |
| 7:48 | Queue | Villager (Male) |
| 7:57 | Build | House |
| 8:03 | Build | House |
| 8:43 | Build | Mining Camp |
| 9:17 | Build | Palisade Wall |
| 9:21 | Build | Mining Camp |
| 9:23 | Research | Feudal Age |
| 10:40 | Queue | Villager (Male) |
| 10:40 | Queue | Villager (Male) |
| 12:04 | Age | Feudal Age |
| 12:06 | Build | Market |
| 12:08 | Build | Blacksmith |
| 12:56 | Research | Castle Age |
| 12:56 | Research | Castle Age |
| 13:04 | Research | Double-Bit Axe |
| 13:04 | Research | Double-Bit Axe |
| 13:05 | Research | Double-Bit Axe |
| 13:15 | Build | House |
| 13:33 | Research | Gold Mining |
| 13:56 | Research | Horse Collar |
| 14:05 | Build | Farm |
| 14:13 | Build | Farm |
| 15:08 | Build | Farm |
| 15:10 | Queue | Villager (Male) |
| 15:36 | Age | Castle Age |
| 15:47 | Build | Castle |
| 15:54 | Queue | Villager (Male) |
| 15:59 | Research | Fletching |
| 16:19 | Build | Farm |
| 16:20 | Queue | Villager (Male) |
| 16:40 | Build | Siege Workshop |
| 16:42 | Queue | Villager (Male) |
| 17:01 | Queue | Longbowman |
| 17:01 | Queue | Longbowman |
| 17:07 | Queue | Villager (Male) |
| 17:08 | Queue | Villager (Male) ×5 |
| 17:14 | Queue | Villager (Male) |
| 17:14 | Queue | Villager (Male) |
| 17:29 | Research | Bodkin Arrow |
| 17:29 | Research | Bodkin Arrow |
| 17:30 | Queue | Longbowman |
| 17:30 | Queue | Longbowman |
| 17:31 | Queue | Longbowman |
| 17:34 | Queue | Villager (Male) |
| 17:34 | Queue | Villager (Male) |
| 17:48 | Queue | Villager (Male) |
| 17:51 | Queue | Longbowman |
| 17:51 | Queue | Longbowman |
| 17:53 | Queue | Longbowman |
| 17:55 | Queue | Longbowman |
| 17:55 | Queue | Longbowman |
| 18:22 | Queue | Villager (Male) |
| 18:26 | Queue | Mangonel |
| 18:26 | Queue | Mangonel |
| 18:38 | Queue | Longbowman |
| 18:38 | Queue | Longbowman |
| 19:03 | Queue | Petard |
| 19:04 | Queue | Petard |
| 19:09 | Queue | Villager (Male) |
| 19:09 | Queue | Villager (Male) |
| 19:10 | Queue | Villager (Male) |
| 19:16 | Queue | Longbowman |
| 19:17 | Queue | Longbowman |
| 19:17 | Queue | Longbowman |
| 19:30 | Build | Outpost |
| 19:33 | Queue | Longbowman |
| 19:33 | Queue | Longbowman |
| 19:33 | Queue | Longbowman |
| 19:33 | Queue | Longbowman |
| 19:51 | Queue | Longbowman |
| 20:08 | Build | Outpost |
| 20:28 | Research | Padded Archer Armor |
| 20:28 | Research | Padded Archer Armor |
| 20:29 | Queue | Villager (Male) |
| 20:35 | Build | Farm |
| 20:36 | Build | Farm |
| 20:37 | Queue | Longbowman |
| 20:37 | Queue | Longbowman |
| 20:39 | Build | Outpost |
| 20:40 | Queue | Longbowman |
| 20:41 | Queue | Longbowman |
| 20:41 | Queue | Longbowman |
| 20:42 | Queue | Longbowman |
| 20:42 | Queue | Longbowman |
| 20:43 | Queue | Villager (Male) |
| 20:43 | Queue | Villager (Male) |
| 20:44 | Queue | Villager (Male) |
| 20:44 | Queue | Villager (Male) |
| 20:51 | Build | Farm |
| 20:52 | Build | Farm |
| 20:52 | Build | Farm |
| 20:52 | Build | Farm |
| 20:52 | Build | Farm |
| 20:56 | Build | Farm |
| 21:09 | Queue | Longbowman |
| 21:09 | Queue | Longbowman |
| 21:12 | Queue | Villager (Male) |
| 21:12 | Queue | Villager (Male) |
| 21:12 | Queue | Villager (Male) |
| 21:14 | Queue | Longbowman |
| 21:14 | Queue | Longbowman |
| 21:22 | Queue | Longbowman |
| 21:35 | Queue | Longbowman |
| 21:38 | Queue | Longbowman |
| 21:39 | Queue | Longbowman |
| 21:39 | Queue | Longbowman |
| 21:44 | Queue | Longbowman |
| 21:44 | Queue | Longbowman |
| 21:53 | Queue | Longbowman |
| 21:53 | Queue | Longbowman |
| 22:02 | Queue | Longbowman |
Build order — BobLaMenace
First 150 of 306 actions detected
| 0:00 | Queue | Villager (Male) |
| 0:01 | Queue | Villager (Male) |
| 0:02 | Build | House |
| 0:04 | Build | House |
| 0:18 | Queue | Villager (Male) |
| 0:18 | Queue | Villager (Male) |
| 1:25 | Queue | Villager (Male) |
| 1:25 | Queue | Villager (Male) |
| 1:57 | Build | Lumber Camp |
| 1:58 | Queue | Villager (Male) |
| 2:21 | Queue | Villager (Male) |
| 2:53 | Queue | Villager (Male) |
| 2:53 | Queue | Villager (Male) |
| 3:19 | Queue | Villager (Male) |
| 3:41 | Queue | Villager (Male) |
| 3:51 | Build | House |
| 3:56 | Queue | Villager (Male) |
| 4:06 | Research | Loom |
| 4:17 | Queue | Villager (Male) |
| 4:30 | Build | House |
| 4:32 | Build | Palisade Wall |
| 4:40 | Queue | Villager (Male) |
| 4:55 | Queue | Villager (Male) |
| 5:03 | Build | Mill |
| 5:41 | Queue | Villager (Male) |
| 5:50 | Build | Palisade Wall |
| 5:56 | Queue | Villager (Male) |
| 6:16 | Queue | Villager (Male) |
| 6:30 | Queue | Villager (Male) |
| 6:51 | Queue | Villager (Male) |
| 7:07 | Build | Palisade Wall |
| 7:15 | Queue | Villager (Male) |
| 7:18 | Build | Mining Camp |
| 7:49 | Build | Mill |
| 7:52 | Queue | Villager (Male) |
| 8:12 | Build | House |
| 8:27 | Build | Palisade Wall |
| 8:39 | Queue | Villager (Male) |
| 8:59 | Build | Palisade Wall |
| 9:11 | Queue | Villager (Male) |
| 9:19 | Research | Feudal Age |
| 9:50 | Build | Mining Camp |
| 9:58 | Build | Palisade Wall |
| 9:59 | Build | Palisade Wall |
| 10:26 | Queue | Villager (Male) |
| 10:27 | Queue | Villager (Male) |
| 10:40 | Build | Farm |
| 10:42 | Build | Farm |
| 10:50 | Build | Farm |
| 11:02 | Build | House |
| 11:28 | Build | Palisade Wall |
| 11:46 | Age | Feudal Age |
| 12:00 | Build | Blacksmith |
| 12:29 | Queue | Villager (Male) |
| 12:44 | Build | Stone Wall |
| 12:57 | Build | Market |
| 13:01 | Queue | Villager (Male) |
| 13:47 | Research | Castle Age |
| 13:47 | Research | Castle Age |
| 14:36 | Research | Horse Collar |
| 15:00 | Build | Farm |
| 15:19 | Build | Farm |
| 15:25 | Build | Farm |
| 15:41 | Queue | Villager (Male) |
| 15:59 | Research | Stone Mining |
| 16:25 | Build | Stone Wall |
| 16:27 | Age | Castle Age |
| 16:32 | Build | Stone Wall |
| 16:35 | Queue | Villager (Male) |
| 16:39 | Build | Town Center |
| 16:47 | Build | Town Center |
| 16:50 | Research | Heavy Plow |
| 16:53 | Build | Farm |
| 16:54 | Build | Farm |
| 17:00 | Queue | Villager (Male) |
| 17:09 | Research | Stone Mining |
| 17:10 | Queue | Villager (Male) |
| 17:17 | Build | Siege Workshop |
| 17:19 | Queue | Villager (Male) |
| 17:40 | Build | Stone Wall |
| 17:45 | Queue | Villager (Male) |
| 17:45 | Queue | Villager (Male) |
| 18:05 | Build | House |
| 18:08 | Build | Farm |
| 18:09 | Build | Farm |
| 18:11 | Build | Farm |
| 18:15 | Queue | Villager (Male) |
| 18:31 | Build | House |
| 18:33 | Queue | Villager (Male) |
| 18:38 | Build | House |
| 18:41 | Build | Stone Wall |
| 18:44 | Build | Farm |
| 18:45 | Queue | Villager (Male) |
| 18:46 | Queue | Mangonel |
| 18:50 | Build | Farm |
| 18:50 | Queue | Villager (Male) |
| 18:52 | Build | Farm |
| 18:54 | Build | Farm |
| 19:09 | Build | Mining Camp |
| 19:12 | Queue | Villager (Male) |
| 19:12 | Queue | Villager (Male) |
| 19:20 | Queue | Villager (Male) |
| 19:57 | Queue | Villager (Male) |
| 19:58 | Queue | Villager (Male) |
| 20:12 | Build | Farm |
| 20:14 | Build | Farm |
| 20:15 | Queue | Villager (Male) |
| 20:19 | Queue | Villager (Male) |
| 20:32 | Queue | Villager (Male) |
| 20:47 | Build | Farm |
| 20:50 | Build | Farm |
| 20:52 | Queue | Villager (Male) |
| 20:52 | Queue | Villager (Male) |
| 20:59 | Queue | Mangonel |
| 21:08 | Queue | Villager (Male) |
| 21:13 | Build | Farm |
| 21:20 | Queue | Villager (Male) |
| 21:21 | Queue | Villager (Male) |
| 21:35 | Queue | Villager (Male) |
| 21:50 | Queue | Villager (Male) |
| 21:50 | Queue | Villager (Male) |
| 21:56 | Queue | Villager (Male) |
| 22:00 | Build | Farm |
| 22:01 | Build | Farm |
| 22:03 | Build | Farm |
| 22:09 | Queue | Villager (Male) |
| 22:14 | Build | Farm |
| 22:15 | Queue | Villager (Male) |
| 22:18 | Build | House |
| 22:18 | Build | House |
| 22:20 | Queue | Villager (Male) |
| 22:20 | Queue | Villager (Male) |
| 22:41 | Queue | Villager (Male) |
| 22:41 | Queue | Villager (Male) |
| 22:53 | Queue | Villager (Male) |
| 22:53 | Queue | Villager (Male) |
| 22:53 | Queue | Villager (Male) |
| 22:57 | Build | House |
| 22:58 | Build | House |
| 22:59 | Queue | Villager (Male) |
| 22:59 | Queue | Villager (Male) |
| 23:05 | Build | Farm |
| 23:05 | Build | Farm |
| 23:05 | Build | Farm |
| 23:05 | Build | Farm |
| 23:06 | Build | Farm |
| 23:06 | Build | Farm |
| 23:10 | Queue | Mangonel |
| 23:19 | Research | Fletching |
| 23:40 | Queue | Villager (Male) |
Build order — The Get Sum
First 150 of 343 actions detected
| 0:01 | Queue | Villager (Male) ×4 |
| 0:02 | Queue | Villager (Male) ×4 |
| 0:03 | Build | House |
| 0:04 | Build | House |
| 0:45 | Build | Palisade Wall |
| 0:48 | Research | Loom |
| 0:48 | Queue | Villager (Male) |
| 0:48 | Queue | Villager (Male) |
| 0:49 | Queue | Villager (Male) |
| 1:31 | Queue | Villager (Male) |
| 1:32 | Queue | Villager (Male) |
| 2:23 | Queue | Villager (Male) |
| 2:23 | Queue | Villager (Male) |
| 2:33 | Queue | Villager (Male) |
| 2:33 | Queue | Villager (Male) |
| 2:56 | Build | House |
| 3:27 | Queue | Villager (Male) |
| 3:27 | Queue | Villager (Male) |
| 3:32 | Build | House |
| 3:34 | Build | House |
| 3:35 | Build | Palisade Wall |
| 3:45 | Queue | Villager (Male) |
| 3:46 | Queue | Villager (Male) |
| 4:07 | Queue | Villager (Male) |
| 4:08 | Queue | Villager (Male) |
| 4:21 | Build | Lumber Camp |
| 4:40 | Queue | Villager (Male) |
| 4:40 | Queue | Villager (Male) |
| 4:41 | Queue | Villager (Male) |
| 5:51 | Queue | Villager (Male) |
| 5:51 | Queue | Villager (Male) |
| 6:32 | Build | Mill |
| 6:53 | Queue | Villager (Male) |
| 6:54 | Queue | Villager (Male) |
| 7:42 | Queue | Villager (Male) |
| 8:10 | Queue | Villager (Male) |
| 8:37 | Research | Feudal Age |
| 8:52 | Build | Mill |
| 9:46 | Queue | Villager (Male) |
| 9:46 | Queue | Villager (Male) |
| 10:47 | Age | Feudal Age |
| 10:50 | Build | Town Center |
| 10:54 | Research | Double-Bit Axe |
| 11:29 | Queue | Villager (Male) |
| 11:29 | Queue | Villager (Male) |
| 11:51 | Research | Horse Collar |
| 12:11 | Queue | Villager (Male) |
| 12:19 | Queue | Villager (Male) |
| 12:19 | Queue | Villager (Male) |
| 12:20 | Queue | Villager (Male) |
| 12:20 | Queue | Villager (Male) |
| 12:48 | Build | Mining Camp |
| 12:52 | Build | Farm |
| 13:07 | Build | Farm |
| 13:21 | Build | Farm |
| 13:24 | Queue | Villager (Male) |
| 13:24 | Queue | Villager (Male) |
| 13:27 | Build | Farm |
| 13:37 | Build | Palisade Wall |
| 13:40 | Queue | Villager (Male) |
| 13:40 | Queue | Villager (Male) |
| 13:42 | Build | Farm |
| 13:45 | Build | Farm |
| 13:49 | Queue | Villager (Male) |
| 13:49 | Queue | Villager (Male) |
| 13:49 | Queue | Villager (Male) |
| 13:54 | Build | Farm |
| 14:01 | Build | Farm |
| 14:12 | Build | Farm |
| 14:17 | Research | Wheelbarrow |
| 14:21 | Build | Farm |
| 14:25 | Build | Farm |
| 14:40 | Build | House |
| 14:42 | Queue | Villager (Male) |
| 14:43 | Queue | Villager (Male) |
| 14:47 | Build | Farm |
| 14:50 | Build | Farm |
| 15:00 | Build | Farm |
| 15:08 | Build | House |
| 15:14 | Build | Farm |
| 15:19 | Build | Farm |
| 15:27 | Build | Farm |
| 15:38 | Build | House |
| 16:10 | Build | Market |
| 16:20 | Queue | Villager (Male) |
| 16:35 | Queue | Villager (Male) |
| 16:35 | Queue | Villager (Male) |
| 16:36 | Queue | Villager (Male) |
| 16:39 | Build | Blacksmith |
| 17:10 | Build | Barracks |
| 17:14 | Build | House |
| 17:15 | Build | House |
| 17:19 | Research | Castle Age |
| 17:20 | Research | Castle Age |
| 17:23 | Queue | Villager (Male) |
| 17:24 | Queue | Villager (Male) |
| 17:43 | Build | Farm |
| 17:54 | Research | Gold Mining |
| 17:55 | Research | Scale Barding Armor |
| 18:05 | Build | Stable |
| 18:07 | Build | Stable |
| 18:29 | Research | Forging |
| 18:36 | Build | Stable |
| 18:43 | Build | Stable |
| 18:59 | Build | Mining Camp |
| 19:02 | Research | Bloodlines |
| 19:04 | Queue | Villager (Male) |
| 19:04 | Queue | Villager (Male) |
| 19:28 | Build | Siege Workshop |
| 19:33 | Queue | Villager (Male) |
| 19:56 | Build | Stable |
| 19:59 | Age | Castle Age |
| 20:01 | Queue | Knight |
| 20:01 | Queue | Knight |
| 20:11 | Research | Chain Barding Armor |
| 20:11 | Research | Chain Barding Armor |
| 20:12 | Queue | Villager (Male) |
| 20:16 | Build | House |
| 20:16 | Build | House |
| 20:25 | Build | Palisade Gate |
| 20:29 | Build | Palisade Wall |
| 20:41 | Queue | Knight |
| 20:42 | Queue | Knight |
| 20:42 | Queue | Knight |
| 20:45 | Queue | Villager (Male) |
| 20:45 | Queue | Villager (Male) |
| 20:45 | Queue | Villager (Male) |
| 20:52 | Build | Stable |
| 20:56 | Queue | Knight |
| 20:56 | Queue | Knight |
| 21:05 | Build | House |
| 21:11 | Queue | Villager (Male) |
| 21:11 | Queue | Villager (Male) |
| 21:12 | Queue | Villager (Male) |
| 21:15 | Queue | Battering Ram |
| 21:15 | Queue | Battering Ram |
| 21:29 | Queue | Knight |
| 21:29 | Queue | Knight |
| 21:29 | Queue | Knight |
| 21:29 | Queue | Knight |
| 21:33 | Queue | Villager (Male) |
| 21:33 | Queue | Villager (Male) |
| 21:40 | Build | Mining Camp |
| 21:44 | Queue | Knight |
| 21:44 | Queue | Knight |
| 21:45 | Queue | Knight |
| 22:10 | Queue | Scout Cavalry |
| 22:12 | Queue | Villager (Male) |
| 22:13 | Queue | Villager (Male) |
| 22:18 | Queue | Battering Ram |
Build order — MapucheMaldonado
First 150 of 278 actions detected
| 0:01 | Queue | Villager (Male) |
| 0:02 | Queue | Villager (Male) |
| 0:02 | Queue | Villager (Male) |
| 0:03 | Build | House |
| 0:04 | Build | House |
| 0:12 | Queue | Villager (Male) |
| 0:13 | Queue | Villager (Male) |
| 1:29 | Queue | Villager (Male) |
| 1:45 | Build | Lumber Camp |
| 2:02 | Queue | Villager (Male) |
| 2:02 | Queue | Villager (Male) |
| 2:20 | Queue | Villager (Male) |
| 2:21 | Queue | Villager (Male) |
| 2:48 | Queue | Villager (Male) |
| 2:48 | Queue | Villager (Male) |
| 3:10 | Queue | Villager (Male) |
| 3:40 | Queue | Villager (Male) |
| 3:55 | Queue | Villager (Male) |
| 3:55 | Queue | Villager (Male) |
| 4:01 | Build | House |
| 4:14 | Build | Mill |
| 4:30 | Queue | Villager (Male) |
| 4:30 | Queue | Villager (Male) |
| 4:33 | Build | House |
| 4:38 | Queue | Villager (Male) |
| 5:06 | Queue | Villager (Male) |
| 5:07 | Queue | Villager (Male) |
| 5:07 | Queue | Villager (Male) |
| 5:59 | Queue | Villager (Male) |
| 6:10 | Queue | Villager (Male) |
| 6:10 | Queue | Villager (Male) |
| 6:20 | Research | Loom |
| 6:46 | Queue | Villager (Male) |
| 7:33 | Research | Feudal Age |
| 7:59 | Build | Mining Camp |
| 9:07 | Build | House |
| 9:43 | Age | Feudal Age |
| 9:45 | Build | House |
| 9:48 | Build | Blacksmith |
| 9:56 | Queue | Villager (Male) |
| 9:57 | Queue | Villager (Male) |
| 9:58 | Research | Double-Bit Axe |
| 10:36 | Build | Siege Workshop |
| 10:52 | Queue | Villager (Male) |
| 10:52 | Queue | Villager (Male) |
| 11:09 | Queue | Battering Ram |
| 11:22 | Build | House |
| 11:32 | Queue | Villager (Male) |
| 11:41 | Queue | Battering Ram |
| 11:59 | Queue | Villager (Male) |
| 12:22 | Queue | Villager (Male) |
| 12:25 | Build | Mill |
| 12:52 | Queue | Battering Ram |
| 13:06 | Queue | Villager (Male) |
| 13:06 | Queue | Villager (Male) |
| 13:12 | Queue | Villager (Male) |
| 14:12 | Build | Town Center |
| 15:12 | Build | Palisade Gate |
| 15:17 | Build | Palisade Wall |
| 15:24 | Queue | Villager (Male) |
| 15:24 | Queue | Villager (Male) |
| 15:27 | Research | Horse Collar |
| 15:38 | Build | Outpost |
| 15:52 | Build | House |
| 16:01 | Queue | Villager (Male) |
| 16:01 | Queue | Villager (Male) |
| 16:10 | Build | Mill |
| 16:38 | Queue | Villager (Male) |
| 16:38 | Queue | Villager (Male) |
| 16:39 | Build | Farm |
| 16:42 | Build | Farm |
| 16:43 | Queue | Villager (Male) |
| 16:45 | Build | Farm |
| 16:46 | Build | Farm |
| 17:13 | Build | Palisade Wall |
| 17:19 | Build | Farm |
| 17:20 | Build | Farm |
| 17:22 | Build | Farm |
| 17:23 | Build | Farm |
| 17:24 | Build | Farm |
| 17:25 | Queue | Villager (Male) |
| 17:26 | Queue | Villager (Male) |
| 17:34 | Queue | Villager (Male) |
| 17:34 | Queue | Villager (Male) |
| 17:39 | Queue | Villager (Male) |
| 18:12 | Queue | Villager (Male) |
| 18:12 | Queue | Villager (Male) |
| 18:14 | Build | Farm |
| 18:16 | Build | Farm |
| 18:19 | Build | Farm |
| 18:21 | Build | Farm |
| 18:26 | Research | Wheelbarrow |
| 18:26 | Research | Wheelbarrow |
| 18:36 | Build | House |
| 18:37 | Build | House |
| 18:38 | Build | House |
| 18:39 | Build | House |
| 18:40 | Build | House |
| 18:40 | Build | House |
| 19:12 | Build | Palisade Wall |
| 19:14 | Build | Palisade Gate |
| 19:25 | Build | Palisade Wall |
| 19:40 | Queue | Villager (Male) |
| 19:40 | Queue | Villager (Male) |
| 19:46 | Build | Farm |
| 19:47 | Build | Farm |
| 19:49 | Build | Farm |
| 20:08 | Build | Mining Camp |
| 20:24 | Build | Palisade Gate |
| 21:03 | Build | Palisade Wall |
| 21:05 | Build | Palisade Wall |
| 21:15 | Research | Castle Age |
| 21:15 | Research | Castle Age |
| 22:05 | Queue | Villager (Male) |
| 22:05 | Queue | Villager (Male) |
| 22:07 | Build | Farm |
| 22:12 | Queue | Villager (Male) |
| 22:12 | Queue | Villager (Male) |
| 22:14 | Queue | Villager (Male) |
| 22:16 | Research | Gold Mining |
| 22:50 | Build | Barracks |
| 23:48 | Build | Market |
| 23:50 | Build | Stable |
| 23:52 | Queue | Villager (Male) |
| 23:55 | Age | Castle Age |
| 24:08 | Build | House |
| 24:14 | Research | Scale Barding Armor |
| 24:35 | Build | Stable |
| 24:47 | Queue | Camel Scout |
| 24:50 | Queue | Villager (Male) |
| 24:50 | Queue | Villager (Male) |
| 24:50 | Queue | Villager (Male) |
| 24:53 | Build | Stable |
| 25:12 | Build | Castle |
| 25:16 | Queue | Camel Scout |
| 25:16 | Queue | Camel Scout |
| 25:25 | Build | Stable |
| 25:28 | Research | Forging |
| 25:38 | Research | Bloodlines |
| 25:43 | Build | Palisade Wall |
| 25:44 | Build | Palisade Wall |
| 26:01 | Queue | Camel Scout |
| 26:02 | Queue | Camel Scout |
| 26:03 | Queue | Camel Scout |
| 26:03 | Queue | Camel Scout |
| 26:06 | Research | Chain Barding Armor |
| 26:07 | Queue | Villager (Male) |
| 26:07 | Queue | Villager (Male) |
| 26:11 | Build | Town Center |
| 26:26 | Queue | Camel Scout |
Build order — 海岛奇兵常凯申
First 150 of 309 actions detected
| 0:01 | Queue | Villager (Male) |
| 0:02 | Build | House |
| 0:04 | Build | House |
| 0:20 | Queue | Villager (Male) |
| 0:20 | Queue | Villager (Male) |
| 0:21 | Queue | Villager (Male) |
| 1:37 | Queue | Villager (Male) |
| 1:37 | Queue | Villager (Male) |
| 2:02 | Build | Lumber Camp |
| 2:07 | Queue | Villager (Male) |
| 2:07 | Queue | Villager (Male) |
| 2:19 | Queue | Villager (Male) |
| 2:19 | Queue | Villager (Male) |
| 2:54 | Queue | Villager (Male) |
| 2:55 | Queue | Villager (Male) |
| 3:18 | Queue | Villager (Male) |
| 3:18 | Queue | Villager (Male) |
| 3:30 | Build | House |
| 3:43 | Queue | Villager (Male) |
| 3:44 | Queue | Villager (Male) |
| 4:03 | Queue | Villager (Male) |
| 4:03 | Queue | Villager (Male) |
| 4:36 | Queue | Villager (Male) |
| 4:36 | Queue | Villager (Male) |
| 5:01 | Queue | Villager (Male) |
| 5:01 | Queue | Villager (Male) |
| 5:01 | Queue | Villager (Male) |
| 5:08 | Build | House |
| 5:22 | Research | Loom |
| 5:33 | Build | Mill |
| 5:47 | Queue | Villager (Male) |
| 5:47 | Queue | Villager (Male) |
| 5:48 | Queue | Villager (Male) |
| 5:57 | Queue | Villager (Male) |
| 5:57 | Queue | Villager (Male) |
| 7:09 | Queue | Villager (Male) |
| 7:12 | Queue | Villager (Male) |
| 7:32 | Build | Mining Camp |
| 7:36 | Research | Feudal Age |
| 7:37 | Research | Feudal Age |
| 9:50 | Queue | Villager (Male) |
| 9:50 | Queue | Villager (Male) |
| 10:32 | Age | Feudal Age |
| 10:34 | Build | Market |
| 10:37 | Build | Blacksmith |
| 11:24 | Research | Castle Age |
| 11:24 | Research | Castle Age |
| 11:37 | Research | Double-Bit Axe |
| 13:45 | Queue | Villager (Male) |
| 13:52 | Build | House |
| 14:04 | Age | Castle Age |
| 14:06 | Build | Town Center |
| 14:11 | Research | Wheelbarrow |
| 14:17 | Research | Horse Collar |
| 14:20 | Build | Farm |
| 14:22 | Build | Farm |
| 14:43 | Build | Town Center |
| 15:36 | Queue | Villager (Male) |
| 15:37 | Queue | Villager (Male) |
| 15:46 | Build | Farm |
| 15:47 | Build | Farm |
| 15:49 | Queue | Villager (Male) |
| 15:49 | Queue | Villager (Male) |
| 15:50 | Build | Farm |
| 16:04 | Queue | Villager (Male) |
| 16:04 | Queue | Villager (Male) |
| 16:04 | Queue | Villager (Male) |
| 16:19 | Queue | Villager (Male) |
| 16:19 | Queue | Villager (Male) |
| 16:21 | Build | Farm |
| 16:28 | Queue | Villager (Male) |
| 16:28 | Queue | Villager (Male) |
| 16:32 | Build | Farm |
| 16:42 | Queue | Villager (Male) |
| 16:42 | Queue | Villager (Male) |
| 16:51 | Build | Farm |
| 16:53 | Build | Farm |
| 16:55 | Queue | Villager (Male) |
| 16:55 | Queue | Villager (Male) |
| 16:57 | Build | Farm |
| 16:59 | Build | Farm |
| 17:20 | Queue | Villager (Male) |
| 17:20 | Queue | Villager (Male) |
| 17:24 | Build | Farm |
| 17:28 | Build | Farm |
| 17:29 | Queue | Villager (Male) |
| 17:30 | Queue | Villager (Male) |
| 17:30 | Queue | Villager (Male) |
| 17:33 | Build | Farm |
| 17:36 | Build | Farm |
| 17:46 | Queue | Villager (Male) |
| 17:46 | Queue | Villager (Male) |
| 17:51 | Build | Farm |
| 17:54 | Build | Farm |
| 17:58 | Build | House |
| 17:59 | Build | House |
| 18:24 | Build | Farm |
| 18:25 | Queue | Villager (Male) |
| 18:25 | Queue | Villager (Male) |
| 18:26 | Queue | Villager (Male) |
| 18:35 | Build | Farm |
| 18:45 | Queue | Villager (Male) |
| 18:45 | Queue | Villager (Male) |
| 18:45 | Queue | Villager (Male) |
| 18:47 | Build | Farm |
| 18:55 | Build | Farm |
| 18:57 | Research | Stone Mining |
| 19:11 | Queue | Villager (Male) |
| 19:11 | Queue | Villager (Male) |
| 19:12 | Queue | Villager (Male) |
| 19:16 | Build | Farm |
| 19:21 | Build | House |
| 19:22 | Build | House |
| 19:23 | Queue | Villager (Male) |
| 19:24 | Queue | Villager (Male) |
| 19:24 | Queue | Villager (Male) |
| 19:36 | Build | Farm |
| 19:45 | Build | Farm |
| 20:01 | Build | Farm |
| 20:03 | Queue | Villager (Male) |
| 20:03 | Queue | Villager (Male) |
| 20:03 | Queue | Villager (Male) |
| 20:21 | Build | Farm |
| 20:37 | Queue | Villager (Male) |
| 20:38 | Queue | Villager (Male) |
| 20:40 | Build | Town Center |
| 20:47 | Build | Farm |
| 20:50 | Build | Farm |
| 20:52 | Build | Farm |
| 20:54 | Queue | Villager (Male) |
| 20:54 | Queue | Villager (Male) |
| 20:54 | Queue | Villager (Male) |
| 20:59 | Research | Bow Saw |
| 21:00 | Research | Bow Saw |
| 21:19 | Queue | Villager (Male) |
| 21:20 | Queue | Villager (Male) |
| 21:20 | Queue | Villager (Male) |
| 21:23 | Build | Farm |
| 21:27 | Build | Farm |
| 21:33 | Build | House |
| 21:38 | Build | House |
| 21:40 | Build | House |
| 22:00 | Build | Farm |
| 22:01 | Queue | Villager (Male) |
| 22:01 | Queue | Villager (Male) |
| 22:02 | Queue | Villager (Male) |
| 22:09 | Research | Heavy Plow |
| 22:10 | Queue | Villager (Male) |
| 22:11 | Queue | Villager (Male) |
| 22:11 | Queue | Villager (Male) |
Build order — Kolor Peru
First 150 of 395 actions detected
| 0:01 | Queue | Villager (Male) |
| 0:01 | Queue | Villager (Male) |
| 0:02 | Build | House |
| 0:03 | Build | House |
| 0:04 | Queue | Villager (Male) |
| 0:07 | Queue | Villager (Male) |
| 1:26 | Queue | Villager (Male) |
| 2:17 | Queue | Villager (Male) |
| 2:17 | Queue | Villager (Male) |
| 2:49 | Queue | Villager (Male) |
| 3:02 | Research | Loom |
| 3:09 | Queue | Villager (Male) |
| 3:09 | Queue | Villager (Male) |
| 3:17 | Research | Loom |
| 3:32 | Queue | Villager (Male) |
| 3:32 | Queue | Villager (Male) |
| 3:46 | Queue | Villager (Male) |
| 3:46 | Queue | Villager (Male) |
| 4:19 | Build | Lumber Camp |
| 4:19 | Queue | Villager (Male) |
| 5:21 | Queue | Villager (Male) |
| 5:22 | Queue | Villager (Male) |
| 5:22 | Queue | Villager (Male) |
| 5:33 | Build | House |
| 5:34 | Build | House |
| 5:42 | Queue | Villager (Male) |
| 5:42 | Queue | Villager (Male) |
| 6:06 | Queue | Villager (Male) |
| 6:35 | Build | Mill |
| 6:48 | Queue | Villager (Male) |
| 6:48 | Queue | Villager (Male) |
| 6:48 | Queue | Villager (Male) |
| 6:51 | Queue | Villager (Male) |
| 7:20 | Queue | Villager (Male) |
| 8:40 | Research | Feudal Age |
| 8:45 | Build | Barracks |
| 9:44 | Queue | Militia |
| 9:44 | Queue | Militia |
| 9:45 | Queue | Militia |
| 9:52 | Build | Mining Camp |
| 10:11 | Build | House |
| 10:11 | Queue | Militia |
| 10:12 | Queue | Militia |
| 10:48 | Build | House |
| 10:50 | Age | Feudal Age |
| 10:51 | Queue | Villager (Male) |
| 11:00 | Queue | Villager (Male) |
| 11:08 | Research | Man-at-Arms (upgrade) |
| 11:10 | Research | Double-Bit Axe |
| 11:36 | Queue | Villager (Male) |
| 11:39 | Queue | Militia |
| 11:43 | Build | Farm |
| 11:47 | Build | Farm |
| 11:50 | Queue | Villager (Male) |
| 12:06 | Queue | Villager (Male) |
| 12:16 | Queue | Militia |
| 12:28 | Queue | Villager (Male) |
| 12:30 | Build | Blacksmith |
| 12:37 | Queue | Militia |
| 12:38 | Queue | Militia |
| 12:56 | Queue | Villager (Male) |
| 13:02 | Queue | Villager (Male) |
| 13:03 | Queue | Villager (Male) |
| 13:11 | Build | House |
| 13:13 | Research | Scale Mail Armor |
| 13:28 | Build | House |
| 13:35 | Queue | Militia |
| 13:36 | Queue | Villager (Male) |
| 13:36 | Queue | Villager (Male) |
| 13:36 | Queue | Villager (Male) |
| 13:41 | Build | Farm |
| 13:44 | Build | Farm |
| 13:47 | Queue | Villager (Male) |
| 13:58 | Build | Farm |
| 14:10 | Queue | Militia |
| 14:15 | Build | Farm |
| 14:19 | Queue | Villager (Male) |
| 14:19 | Queue | Villager (Male) |
| 14:32 | Queue | Villager (Male) |
| 14:41 | Queue | Militia |
| 14:41 | Queue | Militia |
| 14:50 | Queue | Villager (Male) |
| 14:51 | Queue | Villager (Male) |
| 15:04 | Queue | Villager (Male) |
| 15:05 | Queue | Villager (Male) |
| 15:18 | Queue | Villager (Male) |
| 15:26 | Queue | Militia |
| 15:27 | Queue | Villager (Male) |
| 15:27 | Queue | Villager (Male) |
| 15:48 | Queue | Villager (Male) |
| 15:48 | Queue | Villager (Male) |
| 15:51 | Build | Farm |
| 15:54 | Research | Horse Collar |
| 15:56 | Build | Farm |
| 15:57 | Build | Farm |
| 15:57 | Build | Farm |
| 15:57 | Build | Farm |
| 15:58 | Build | Farm |
| 15:58 | Build | Farm |
| 15:58 | Build | Farm |
| 15:58 | Build | Farm |
| 15:58 | Build | Farm |
| 16:04 | Queue | Militia |
| 16:04 | Queue | Militia |
| 16:20 | Queue | Villager (Male) |
| 16:27 | Build | House |
| 16:28 | Build | House |
| 16:40 | Build | House |
| 16:42 | Queue | Villager (Male) |
| 16:48 | Queue | Villager (Male) |
| 16:49 | Queue | Villager (Male) |
| 17:01 | Build | Farm |
| 17:04 | Build | Farm |
| 17:07 | Build | Farm |
| 17:08 | Build | Farm |
| 17:19 | Queue | Villager (Male) |
| 17:19 | Queue | Villager (Male) |
| 17:27 | Build | Farm |
| 17:40 | Queue | Villager (Male) |
| 17:40 | Queue | Villager (Male) |
| 17:43 | Build | Farm |
| 17:58 | Build | Farm |
| 18:03 | Research | Wheelbarrow |
| 18:04 | Research | Wheelbarrow |
| 18:14 | Queue | Villager (Male) |
| 18:14 | Queue | Villager (Male) |
| 18:53 | Build | Market |
| 19:02 | Queue | Villager (Male) |
| 19:55 | Research | Castle Age |
| 19:55 | Research | Castle Age |
| 20:19 | Queue | Villager (Male) |
| 20:20 | Research | Town Watch |
| 20:38 | Research | Forging |
| 20:50 | Build | House |
| 20:52 | Build | House |
| 20:54 | Build | House |
| 21:00 | Queue | Villager (Male) |
| 21:05 | Build | House |
| 21:06 | Build | House |
| 21:07 | Build | House |
| 21:11 | Build | Farm |
| 21:11 | Build | Farm |
| 21:16 | Build | House |
| 21:17 | Build | House |
| 21:18 | Build | House |
| 21:19 | Build | House |
| 21:20 | Build | House |
| 21:47 | Queue | Villager (Male) |
| 21:50 | Build | House |
| 22:35 | Age | Castle Age |
Match timeline
| 0:45 | The Get Sum · wall_segment Palisade Wall x10 |
| 1:23 | NOOOO WEI · wall_segment Palisade Wall x11 |
| 1:53 | LMC | Bartolomee123 · wall_segment Palisade Wall x18 |
| 2:23 | LMC | Bartolomee123 · wall_segment Palisade Wall x3 |
| 3:06 | LMC | Bartolomee123 · wall_segment Palisade Wall x12 |
| 3:35 | The Get Sum · wall_segment Palisade Wall x1 |
| 3:41 | LMC | Bartolomee123 · wall_segment Palisade Wall x2 |
| 4:12 | NOOOO WEI · wall_segment Palisade Wall x1 |
| 4:32 | BobLaMenace · wall_segment Palisade Wall x6 |
| 5:50 | BobLaMenace · wall_segment Palisade Wall x8 |
| 7:07 | BobLaMenace · wall_segment Palisade Wall x8 |
| 8:27 | BobLaMenace · wall_segment Palisade Wall x4 |
| 8:45 | Kolor Peru · first_building Barracks |
| 8:59 | BobLaMenace · wall_segment Palisade Wall x6 |
| 9:17 | LMC | Bartolomee123 · wall_segment Palisade Wall x1 |
| 9:43 | MapucheMaldonado · age_up feudal |
| 9:58 | BobLaMenace · wall_segment Palisade Wall x6 |
| 9:59 | BobLaMenace · wall_segment Palisade Wall x1 |
| 10:32 | 海岛奇兵常凯申 · age_up feudal |
| 10:35 | RamiChurra · age_up feudal |
| 10:36 | MapucheMaldonado · first_building Siege Workshop |
| 10:47 | The Get Sum · age_up feudal |
| 10:50 | Kolor Peru · age_up feudal |
| 11:18 | NOOOO WEI · age_up feudal |
| 11:28 | BobLaMenace · wall_segment Palisade Wall x4 |
| 11:46 | BobLaMenace · age_up feudal |
| 11:48 | RamiChurra · first_market_sell 100 wood |
| 11:50 | RamiChurra · first_market_buy 100 food |
| 12:04 | LMC | Bartolomee123 · age_up feudal |
| 12:05 | NOOOO WEI · wall_segment Stone Wall x2 |
| 12:06 | NOOOO WEI · wall_segment Stone Wall x5 |
| 12:34 | NOOOO WEI · wall_segment Stone Wall x1 |
| 12:44 | BobLaMenace · wall_segment Stone Wall x9 |
| 13:26 | NOOOO WEI · wall_segment Stone Wall x10 |
| 13:30 | NOOOO WEI · wall_segment Stone Wall x15 |
| 13:37 | The Get Sum · wall_segment Palisade Wall x8 |
| 14:03 | NOOOO WEI · wall_segment Stone Wall x1 |
| 14:04 | 海岛奇兵常凯申 · age_up castle |
| 14:48 | RamiChurra · wall_segment Palisade Wall x1 |
| 14:54 | RamiChurra · wall_segment Palisade Wall x1 |
| 14:56 | RamiChurra · wall_segment Palisade Wall x1 |
| 15:05 | RamiChurra · age_up castle |
| 15:17 | MapucheMaldonado · wall_segment Palisade Wall x1 |
| 15:35 | NOOOO WEI · wall_segment Stone Wall x1 |
| 15:36 | LMC | Bartolomee123 · age_up castle |
| 15:38 | NOOOO WEI · wall_segment Stone Wall x1 |
| 15:47 | LMC | Bartolomee123 · first_building Castle |
| 16:25 | BobLaMenace · wall_segment Stone Wall x10 |
| 16:27 | BobLaMenace · age_up castle |
| 16:32 | BobLaMenace · wall_segment Stone Wall x8 |
| 16:40 | LMC | Bartolomee123 · first_building Siege Workshop |
| 16:48 | NOOOO WEI · wall_segment Stone Wall x1 |
| 16:49 | NOOOO WEI · wall_segment Stone Wall x1 |
| 16:51 | NOOOO WEI · wall_segment Stone Wall x1 |
| 17:10 | The Get Sum · first_building Barracks |
| 17:13 | MapucheMaldonado · wall_segment Palisade Wall x3 |
| 17:17 | BobLaMenace · first_building Siege Workshop |
| 17:23 | RamiChurra · wall_segment Palisade Wall x1 |
| 17:26 | RamiChurra · wall_segment Palisade Wall x1 |
| 17:27 | NOOOO WEI · wall_segment Stone Wall x1 |
| 17:28 | RamiChurra · wall_segment Palisade Wall x1 |
| 17:30 | RamiChurra · wall_segment Palisade Wall x1 |
| 17:40 | BobLaMenace · wall_segment Stone Wall x1 |
| 17:51 | BobLaMenace · first_market_buy 100 food |
| 18:01 | The Get Sum · first_market_sell 100 food |
| 18:02 | The Get Sum · first_market_buy 100 wood |
| 18:05 | The Get Sum · first_building Stable |
| 18:41 | BobLaMenace · wall_segment Stone Wall x1 |
| 18:45 | NOOOO WEI · wall_segment Stone Wall x1 |
| 19:12 | MapucheMaldonado · wall_segment Palisade Wall x7 |
| 19:25 | MapucheMaldonado · wall_segment Palisade Wall x9 |
| 19:28 | The Get Sum · first_building Siege Workshop |
| 19:47 | Kolor Peru · first_market_sell 100 wood |
| 19:48 | Kolor Peru · first_market_buy 100 food |
| 19:57 | NOOOO WEI · wall_segment Stone Wall x1 |
| 19:59 | The Get Sum · age_up castle |
| 20:01 | NOOOO WEI · wall_segment Stone Wall x1 |
| 20:29 | The Get Sum · wall_segment Palisade Wall x1 |
| 21:03 | MapucheMaldonado · wall_segment Palisade Wall x8 |
| 21:05 | MapucheMaldonado · wall_segment Palisade Wall x2 |
| 21:39 | NOOOO WEI · age_up castle |
| 21:56 | 海岛奇兵常凯申 · tribute_sent a jugador 1 |
| 21:56 | 海岛奇兵常凯申 · tribute_sent a jugador 2 |
| 21:56 | 海岛奇兵常凯申 · tribute_sent a jugador 3 |
| 21:56 | 海岛奇兵常凯申 · tribute_sent a jugador 4 |
| 21:56 | 海岛奇兵常凯申 · tribute_sent a jugador 5 |
| 21:56 | 海岛奇兵常凯申 · tribute_sent a jugador 6 |
| 21:56 | 海岛奇兵常凯申 · tribute_sent a jugador 8 |
| 22:14 | RamiChurra · first_building Monastery |
| 22:35 | Kolor Peru · age_up castle |
| 22:50 | MapucheMaldonado · first_building Barracks |
| 23:17 | RamiChurra · first_building Barracks |
| 23:50 | MapucheMaldonado · first_building Stable |
| 23:55 | MapucheMaldonado · age_up castle |
| 24:00 | 海岛奇兵常凯申 · first_building Castle |
| 24:25 | RamiChurra · first_building Stable |
| 25:10 | MapucheMaldonado · first_market_buy 100 stone |
| 25:12 | MapucheMaldonado · first_building Castle |
| 25:24 | 海岛奇兵常凯申 · first_market_sell 100 food |
| 25:32 | NOOOO WEI · wall_segment Stone Wall x1 |
| 25:32 | NOOOO WEI · wall_segment Stone Wall x1 |
| 25:33 | NOOOO WEI · wall_segment Stone Wall x1 |
| 25:34 | NOOOO WEI · wall_segment Stone Wall x1 |
| 25:35 | NOOOO WEI · wall_segment Stone Wall x1 |
| 25:36 | NOOOO WEI · wall_segment Stone Wall x1 |
| 25:36 | NOOOO WEI · wall_segment Stone Wall x1 |
| 25:37 | NOOOO WEI · wall_segment Stone Wall x1 |
| 25:43 | MapucheMaldonado · wall_segment Palisade Wall x1 |
| 25:44 | MapucheMaldonado · wall_segment Palisade Wall x1 |
| 26:06 | LMC | Bartolomee123 · first_market_buy 100 food |
| 26:52 | MapucheMaldonado · first_building Monastery |
| 27:12 | 海岛奇兵常凯申 · first_market_buy 100 stone |
| 27:19 | NOOOO WEI · first_building Monastery |
| 27:44 | 海岛奇兵常凯申 · first_building Barracks |
| 28:29 | BobLaMenace · first_building Castle |
| 28:36 | 海岛奇兵常凯申 · age_up imperial |
| 28:43 | MapucheMaldonado · first_market_sell 100 food |
| 29:09 | NOOOO WEI · wall_segment Stone Wall x1 |
| 29:09 | NOOOO WEI · wall_segment Stone Wall x1 |
| 29:10 | NOOOO WEI · wall_segment Stone Wall x1 |
| 29:11 | NOOOO WEI · wall_segment Stone Wall x1 |
| 29:12 | NOOOO WEI · wall_segment Stone Wall x1 |
| 29:12 | NOOOO WEI · wall_segment Stone Wall x1 |
| 29:14 | NOOOO WEI · wall_segment Stone Wall x1 |
| 29:15 | NOOOO WEI · wall_segment Stone Wall x1 |
| 29:16 | NOOOO WEI · wall_segment Stone Wall x1 |
| 29:16 | NOOOO WEI · wall_segment Stone Wall x1 |
| 29:28 | LMC | Bartolomee123 · age_up imperial |
| 29:40 | LMC | Bartolomee123 · first_market_sell 100 food |
| 29:43 | RamiChurra · age_up imperial |
| 29:51 | The Get Sum · wall_segment Palisade Wall x1 |
| 30:19 | RamiChurra · first_building Siege Workshop |
| 31:03 | The Get Sum · first_building Monastery |
| 31:21 | MapucheMaldonado · wall_segment Palisade Wall x5 |
| 31:55 | 海岛奇兵常凯申 · first_building Stable |
| 32:37 | BobLaMenace · first_building Barracks |
| 32:42 | NOOOO WEI · wall_segment Stone Wall x5 |
| 32:53 | The Get Sum · wall_segment Palisade Wall x1 |
| 33:06 | The Get Sum · first_building Castle |
| 33:17 | BobLaMenace · first_building Stable |
| 35:19 | The Get Sum · age_up imperial |
| 35:33 | BobLaMenace · age_up imperial |
| 35:43 | NOOOO WEI · first_building Barracks |
| 36:21 | BobLaMenace · resign |
| 37:24 | NOOOO WEI · first_building Archery Range |
| 37:50 | MapucheMaldonado · first_building Archery Range |
| 37:55 | Kolor Peru · first_building Monastery |
[ AI ANALYSIS · 1 CREDIT ]
What really happened in this match?
Wolo.gg analyzes every decision: build order, eco, micro, common mistakes by bracket. Personalized analysis on WhatsApp or Discord in 30 seconds.
Civ guide
Persians
Perfil
Jugador #2134477